 Dungeon Crawl Stone Soup version 0.19-a0-1907-gcff654f (console) character file.

2985 nht the Cleaver (level 9, -4/68 HPs)
             Began as a Minotaur Hunter on Oct 21, 2016.
             Was a Believer of Uskayaw.
             Slain by a six-headed hydra (8 damage)
             ... on level 8 of the Dungeon.
             The game lasted 00:13:17 (5816 turns).

nht the Cleaver (Minotaur Hunter)                   Turns: 5816, Time: 00:13:18

Health: -4/68      AC:  8    Str: 18    XL:     9   Next: 53%
Magic:  7/7        EV: 13    Int:  8    God:    Uskayaw [**....]
Gold:   291        SH:  0    Dex: 21    Spells: 0 memorised, 8 levels left

rFire  . . .     SeeInvis .     h - +1 war axe (venom)
rCold  . . .     Gourm    .     c - +0 leather armour
rNeg   . . .     Faith    .     (no shield)
rPois  .         Spirit   .     (helmet restricted)
rElec  .         Reflect  .     r - +0 cloak
rCorr  .         Harm     .     k - +2 pair of gloves
MR     .....     Clarity  +     u - +0 pair of boots
Stlth  ++........               w - amulet of inaccuracy (curse)
                                t - +3 ring of dexterity
                                x - +5 ring of dexterity

@: no status effects
A: retaliatory headbutt, horns 2, clarity, low mp 1
a: Stomp, Line Pass, Renounce Religion


You were on level 8 of the Dungeon.
You worshipped Uskayaw.
Uskayaw was noncommittal.
You were not hungry.

You visited 2 branches of the dungeon, and saw 9 of its levels.

You collected 291 gold pieces.

Inventory:

Hand Weapons
 a - a +2 hand crossbow
 b - a +0 short sword
 h - a +1 war axe of venom (weapon)
 j - the +7 trident "Miawn" {pierce, MP+9 Str+3 Int+8 Stlth-}
   (You found it on level 5 of the Dungeon)

   It inflicts extra damage upon your enemies.
   It affects your strength (+3).
   It affects your intelligence (+8).
   It affects your magic capacity (+9).
   It makes you less stealthy.
 n - a +0 hand axe
Missiles
 d - 30 bolts
Armour
 c - a +0 leather armour (worn)
 k - a +2 pair of gloves (worn)
 r - a +0 cloak (worn)
 u - a +0 pair of boots (worn)
 C - a +2 scale mail of fire resistance
Jewellery
 t - a +3 ring of dexterity (right hand)
 w - a cursed amulet of inaccuracy (around neck)
 x - a +5 ring of dexterity (left hand)
 D - the ring "Xokef" {*Contam rF+ Int+2 Dex+2 SInv}
   (You took it off a gnoll shaman on level 4 of the Dungeon)

   [ring of dexterity]

   It affects your intelligence (+2).
   It affects your dexterity (+2).
   It protects you from fire.
   It lets you see invisible.
   It causes magical contamination when unequipped.
Wands
 m - a wand of lightning (6/15)
 v - a wand of digging (6/24)
 B - a wand of polymorph (8/24)
 E - a wand of paralysis (7/24)
Scrolls
 g - 5 scrolls of identify
 i - 4 scrolls of remove curse
 o - 2 scrolls of teleportation
 q - 2 scrolls of magic mapping
 y - 2 scrolls of amnesia
 A - a scroll of fear
Potions
 e - a potion of cure mutation
Comestibles
 f - 3 bread rations
 l - 3 slices of pizza
 p - 2 meat rations
 s - 2 beef jerkies
 z - a royal jelly


   Skills:
 - Level 2.4 Fighting
 + Level 14.0 Axes
 + Level 7.0 Crossbows
 - Level 2.1 Dodging
 - Level 0.7 Stealth


You had 8 spell levels left.
You didn't know any spells.

Dungeon Overview and Level Annotations

Branches:
Dungeon (8/15)             Temple (1/1) D:6
   Lair: D:8-11

Altars:
Ashenzari
Cheibriados
Dithmenos
Elyvilon
Hepliaklqana
Nemelex Xobeh
Sif Muna
Uskayaw
Vehumet
Yredelemnul
Zin
The Shining One


Innate Abilities, Weirdness & Mutations

You reflexively headbutt those who attack you in melee.
You have a pair of horns on your head.
You possess an exceptional clarity of mind.
Your magical capacity is low. (-10% MP)


Message History

The orc barely misses you. You furiously retaliate!
You headbutt the orc, but do no damage. You slash the orc!
You kill the orc!
No target in view!
Okay, then.
Okay, then.
You climb downwards.
The quasit closely misses you. The quasit barely misses you.
The quasit misses you.
The six-headed hydra closely misses you.
You furiously retaliate!
You headbutt the six-headed hydra!
The six-headed hydra bites you! x2; The six-headed hydra bites you. x2
The six-headed hydra bites you! The quasit closely misses you.
The quasit completely misses you. The quasit closely misses you.
The six-headed hydra misses you. The six-headed hydra bites you.
* * * LOW HITPOINT WARNING * * *
The six-headed hydra bites you!
* * * LOW HITPOINT WARNING * * *
The six-headed hydra bites you!
You die... ███████████ █████

█.........█ .....
█...>>....█
......█.........█
......█.........█
.......D5.......█
....?..@.██.....█
.........█


██████ .........█ ..█.█>████ █ █ █. █. █ You could see a six-headed hydra and a
quasit.

Vanquished Creatures
  A centaur zombie (D:5)
  The ghost of Xiguana the Ruffian, an amateur TrCK of Xom (D:4)
  A troll (D:6)
  A hungry ghost (D:5)
  An orc warrior (D:6)
  2 black bears
  A phantom (D:5)
  2 ice beasts
  3 ogres
  2 sky beasts
  2 bullfrogs
  A scorpion (D:5)
  A crimson imp (D:5)
  A hound (D:4)
  4 orc priests
  Crazy Yiuf (D:5)
  2 centaur skeletons
  A gnoll shaman (D:4)
  An iguana (D:5)
  5 orc wizards (D:4)
  4 worker ants
  2 hound skeletons
  7 gnolls
  A worker ant zombie (D:5)
  11 adders
  A howler monkey skeleton (D:5)
  A shadow imp (D:7)
  An ooze (D:3)
  A worm (D:2)
  3 dart slugs
  A leopard gecko (D:7)
  24 orcs
  2 ball pythons
  5 bats
  4 giant cockroaches
  5 hobgoblins
  4 kobolds
  A quokka (D:7)
  4 frilled lizards
  4 goblins
  A quokka skeleton (D:4)
  4 rats
125 creatures vanquished.

Notes
Turn   | Place    | Note
-------+----------+-------------------------------------------
     0 | D:1      | nht the Minotaur Hunter began the quest for the Orb.
     0 | D:1      | Reached XP level 1. HP: 18/18 MP: 0/0
   656 | D:1      | Found a glowing golden altar of the Shining One.
   747 | D:2      | Reached XP level 2. HP: 25/25 MP: 1/1
   755 | D:2      | Reached skill level 5 in Crossbows
   937 | D:2      | Reached XP level 3. HP: 29/30 MP: 2/2
   938 | D:2      | Found a shattered altar of Ashenzari.
   941 | D:2      | Found a white marble altar of Elyvilon.
  1088 | D:3      | Found a snail-covered altar of Cheibriados.
  1090 | D:3      | Found a glowing silver altar of Zin.
  1114 | D:3      | Found a radiant altar of Vehumet.
  1713 | D:3      | Reached XP level 4. HP: 37/37 MP: 3/3
  1754 | D:3      | Reached skill level 1 in Axes
  1989 | D:3      | Found a sparkling altar of Nemelex Xobeh.
  2009 | D:4      | Reached skill level 2 in Axes
  2079 | D:4      | Reached skill level 3 in Axes
  2081 | D:4      | Reached XP level 5. HP: 19/42 MP: 4/4
  2091 | D:4      | Reached skill level 4 in Axes
  2467 | D:3      | Reached skill level 5 in Axes
  2740 | D:4      | Reached XP level 6. HP: 50/50 MP: 5/5
  2794 | D:4      | Noticed Xiguana's ghost (amateur TrCK)
  2813 | D:5      | Entered Level 5 of the Dungeon
  2813 | D:5      | Noticed a hungry ghost
  2829 | D:5      | Killed a hungry ghost
  2829 | D:5      | Reached skill level 6 in Axes
  2878 | D:5      | Got a shimmering trident
  2879 | D:5      | Identified the +7 trident "Miawn" {pierce, MP+9 Str+3 Int+8 Stlth-} (You found it on level 5 of the Dungeon)
  2903 | D:5      | Noticed an ice beast
  2908 | D:5      | Killed an ice beast
  2908 | D:5      | Reached skill level 7 in Axes
  2910 | D:5      | Reached XP level 7. HP: 33/56 MP: 6/6
  2939 | D:5      | Reached skill level 8 in Axes
  2966 | D:5      | HP: 2/56 [something (5)]
  3139 | D:5      | Reached skill level 9 in Axes
  3356 | D:5      | Found a runed door.
  3400 | D:5      | Reached skill level 11 in Axes
  3400 | D:5      | Reached XP level 8. HP: 56/62 MP: 7/7
  3687 | D:5      | Noticed Crazy Yiuf
  3690 | D:5      | Killed Crazy Yiuf
  3910 | D:4      | Got a faintly glowing golden ring
  3911 | D:4      | Identified the ring "Xokef" {*Contam rF+ Int+2 Dex+2 SInv} (You took it off a gnoll shaman on level 4 of the Dungeon)
  3937 | D:4      | Found a shadowy altar of Dithmenos.
  4363 | D:6      | Reached skill level 12 in Axes
  4368 | D:6      | Found a staircase to the Ecumenical Temple.
  4379 | Temple   | Entered the Ecumenical Temple
  4450 | Temple   | Became a worshipper of Uskayaw the Reveler
  4534 | D:6      | Noticed a troll
  4535 | D:6      | Gained mutation: Your magical capacity is low. (-10% MP) [potion of mutation]
  4535 | D:6      | Gained mutation: You possess an exceptional clarity of mind. [potion of mutation]
  4540 | D:6      | Reached * piety under Uskayaw
  4541 | D:6      | Reached ** piety under Uskayaw
  4543 | D:6      | Killed a troll
  4579 | D:6      | Reached XP level 9. HP: 59/68 MP: 7/7
  4579 | D:6      | Reached *** piety under Uskayaw
  4711 | D:6      | Reached skill level 13 in Axes
  5564 | D:4      | Killed Xiguana's ghost
  5757 | D:6      | Reached skill level 14 in Axes
  5802 | D:8      | Noticed a six-headed hydra
  5816 | D:8      | Slain by a six-headed hydra

Vault maps used:
D:1:      erik_arrival_blinker_ship, tso_altar
D:2:      chequers_temple_overflow_statue_of_worship
D:3:      nicolae_overflow_hidden_temple, serial_forest,
          infiniplex_forest_diagonal, infiniplex_forest_lined_1,
          infiniplex_forest_join, infiniplex_forest_lined_3, first_bread,
          kennysheep_generic_room_3
D:4:      lemuel_doored_altar
D:5:      uniq_crazy_yiuf_cottage
D:6:      minivault_5, minmay_misc_feat_doors, abandoned_shop,
          patterned_corridor
D:8:      david_lair_shrubbed
Temple:   minmay_temple_curvy_loop

Skill      XL: |  1  2  3  4  5  6  7  8  9 |
---------------+----------------------------+-----
Crossbows      | 5 6 7 |  7.0
Axes           | 3 5 7 11 12 14 | 14.0
Fighting       | |  2.4
Dodging        | |  2.1
Stealth        | |  0.7

Action                   |  1- 3 |  4- 6 |  7- 9 || total
-------------------------+-------+-------+-------++-------
Melee: Unarmed           |       |     5 |     7 ||    12
       Trident           |       |     5 |   151 ||   156
       Headbutt          |       |     2 |    36 ||    38
       War axe           |       |       |     8 ||     8
 Fire: Hand crossbow     |    66 |    74 |       ||   140
  Use: Scroll            |     2 |       |     9 ||    11
       Potion            |       |    10 |     4 ||    14
 Stab: Paralysed         |       |       |     2 ||     2
  Eat: Chunk             |     2 |     8 |    10 ||    20
Armor: Leather armour    |     2 |     7 |    28 ||    37
       Skin              |       |       |     1 ||     1
Dodge: Dodged            |     8 |    20 |    66 ||    94
